 Dungeon Crawl Stone Soup version 0.28-a0-224-g76b539d98b (webtiles) character file.

Game seed: 13251075321956799634

120 timneilson the Shield-Bearer (level 5, -1/33 HPs)
             Began as a Gargoyle Fighter on Aug 21, 2021.
             Slain by a killer bee (2 damage)
             ... on level 4 of the Dungeon.
             The game lasted 00:01:47 (1310 turns).

timneilson the Shield-Bearer (Gargoyle Fighter)     Turns: 1310, Time: 00:01:48

Health: -1/33      AC: 11    Str: 20    XL:     5   Next: 4%
Magic:  5/5        EV:  7    Int:  9    God:
Gold:   96         SH:  8    Dex:  9    Spells: 4/4 levels left

rFire   . . .      SeeInvis .   a - +0 long sword
rCold   . . .      Faith    .   c - +0 kite shield
rNeg    + . .      Spirit   .   b - +0 scale mail
rPois   ∞          Reflect  .   (no helmet)
rElec   +          Harm     .   (no cloak)
rCorr   .          Rampage  .   (no gloves)
Will    .....                   (no boots)
Stlth   ..........              (no amulet)
HPRegen 0.11/turn               (no ring)
MPRegen 0.09/turn               (no ring)

@: mighty
A: sickness immunity, AC +4, negative energy resistance 1, electricity
resistance, torment resistance 1, petrification resistance
a: no special abilities


You were on level 4 of the Dungeon.
You visited 1 branch of the dungeon, and saw 3 of its levels.

You collected 96 gold pieces.

Inventory:

Hand Weapons
 a - a +0 long sword (weapon)
Armour
 b - a +0 scale mail (worn)
 c - a +0 kite shield (worn)
Potions
 e - a potion of curing {unknown}
 f - a potion of mutation {unknown}
 g - a potion of flight {unknown}


   Skills:
 + Level 3.8 Fighting
 * Level 2.9 Long Blades
 * Level 4.1 Armour
 * Level 4.2 Shields


You had 4 spell levels left.
You didn't know any spells.
Your spell library was empty.

Dungeon Overview and Level Annotations

Branches:
Dungeon (2/15)

Altars:


Innate Abilities, Weirdness & Mutations

You are immune to sickness and miasma.
Your stone body is resilient. (AC +4)
You are immune to poison.
You resist negative energy. (rN+)
You are resistant to electric shocks. (rElec)
You are resistant to unholy torment.
You are immune to petrification.


Message History

You hear an angry buzzing noise.
The howler monkey hoots and howls with incredible vigour!
You hear an angry buzzing noise.
You slash the ogre!
The ogre is moderately wounded.
The kobold completely misses you. The ogre barely misses you.
The kobold hits you with a +0 club.
You hit the ogre.
The ogre is heavily wounded.
You block the kobold's attack.
The ogre hits you with a +0 giant spiked club!
Ouch! That really hurt!
You slice the ogre!!
You kill the ogre!
The kobold hits you but does no damage.
The howler monkey hoots and howls with incredible vigour!
The kobold closely misses you.
You hear an angry buzzing noise. x3
Your Armour skill increases to level 4!
Your Shields skill increases to level 4!
You have reached level 4!
You feel clever.
You have reached level 5!
You miss the kobold. You block the kobold's attack. The howler monkey hits you.
* * * LOW HITPOINT WARNING * * *
You slash the kobold!
You kill the kobold!
A killer bee comes into view.
The howler monkey hits you but does no damage. x2
You slash the howler monkey!
The howler monkey is heavily wounded.
A killer bee comes into view.
The howler monkey hits you.
* * * LOW HITPOINT WARNING * * *
The howler monkey hits you.
* * * LOW HITPOINT WARNING * * *
You closely miss the howler monkey.
The howler monkey is heavily wounded.
You block the howler monkey's attack. The killer bee stings you.
You die...

#..........
#..........
#..........
#......y...
#..........
#..........
#..)y......
#..@h......
#........#.
#........+
#........#
#.........#
#.........#
#.........#
###########


You could see a howler monkey and 2 killer bees.

Vanquished Creatures
  An ogre (D:4)
  2 dart slugs (D:1)
  An endoplasm (D:2)
  A giant cockroach (D:1)
  4 goblins (D:1)
  5 hobgoblins
  3 quokkas
  4 ball pythons
  2 bats (D:1)
  4 frilled lizards (D:1)
  5 kobolds
  3 rats
35 creatures vanquished.

Notes
Turn   | Place    | Note
-------+----------+-------------------------------------------
     0 | D:1      | timneilson the Gargoyle Fighter began the quest for the
                  | Orb.
     0 | D:1      | Reached XP level 1. HP: 14/14 MP: 1/1
   288 | D:1      | Reached XP level 2. HP: 19/19 MP: 2/2
   762 | D:1      | Reached XP level 3. HP: 21/23 MP: 3/3
   782 | D:1      | Found a faded altar of an unknown god.
  1299 | D:2      | You fall into a shaft and drop 2 floors!
  1299 | D:4      | Noticed an ogre
  1306 | D:4      | Killed an ogre
  1307 | D:4      | Reached XP level 4. HP: 9/29 MP: 4/4
  1307 | D:4      | Reached XP level 5. HP: 10/33 MP: 5/5
  1309 | D:4      | HP: 1/33 [howler monkey (2)]
  1310 | D:4      | Slain by a killer bee

Illustrated notes

Levels and vault maps discovered:
D:1:      onia_arrival_mini_maze, layout_basic,
          shapermc_ecumenical_altar_starsandcircs
D:2:      layout_basic
D:4:      minmay_bubble_buster, layout_basic,
          mainiacjoe_overflow_large_starburst, enter_ossuary_4

Skill      XL: |  1  2  3 |
---------------+----------+-----
Long Blades    | 2 |  2.9
Armour         | 4 |  4.1
Shields        | 4 |  4.2
Fighting       | |  3.8

Action                   |  1- 3 |  4- 6 || total
-------------------------+-------+-------++-------
Melee: Long sword        |   101 |     4 ||   105
  Use: Scroll            |     2 |       ||     2
       Potion            |     1 |       ||     1
Armor: Scale mail        |    56 |     2 ||    58
Dodge: Dodged            |    40 |       ||    40
Block: Kite shield       |    37 |     2 ||    39
       Rpst.: Long sword |    13 |       ||    13

Table legend: (Time is in decaauts)
 A = Elapsed time spent in this place.
 B = Non-inter-level travel time spent in this place.
 C = Inter-level travel time spent in this place.
 D = Time resting spent in this place.
 E = Time spent auto-exploring this place.
 F = Levels seen in this place.
 G = Mean time per level.
                   A        B        C        D        E       F      G
               +--------+--------+--------+--------+--------+-----+--------+
         Total |   1365 |   1348 |     17 |      0 |   1077 |   3 |  455.0 |
       Dungeon |   1365 |   1348 |     17 |      0 |   1077 |   3 |  455.0 |
               +--------+--------+--------+--------+--------+-----+--------+

Top non-repeatable levels by time:
     D:1: 1020 daAuts
     D:2: 330 daAuts
     D:4: 14 daAuts
